Unix NetHack Version 5.0.0-0 post-release - last build May 23 2026 06:08:33 (1c0ff79ee797540d5714e4e18072db0edd9e58ae,branch:main).

Game began 2026-05-26 22:08:17, ended 2026-05-26 22:20:13.

CyberFan, lawful female human Priestess

                                         -------------              ---------
                      ###################.............             #-.......|
                  #####                  |...........|             #|......`|
         ----- ####                      |...........|             #........|
        #-...-##                         |..<........|             #|.......|
        #|..o|                           -------------             #---------
        #|...|                                                    ##
        #-----                                                    ##
        ###                                                      ###
          ##             ----------                              ##
           #            #-.....@o..###                        #####
           #        #####|....e.h.|  ####      ----------.---- ## #
    -------#       ##    |........|     #######.%............|#####
    |.....|#   #####     |........|            |.........*...|####
    |..>..[#####         ----------            |.............|#  #-------
    |.....|                                    |...........[..#  #|.....|
    -------                                    |.............|   #.(..%.|
                                               ---------------    |....\|
                                                                  -------

CyberFan the Acolyte         St:10 Dx:15 Co:12 In:9 Wi:18 Ch:11  Lawful
Dlvl:5  $:213 HP:0(49) Pw:87(87) AC:1  Xp:5/170 T:2359 

Latest messages:
 The bugbear hits!
 You see here an uncursed iron skull cap.
 You stop waiting.
 You destroy the gnome zombie!
 Welcome to experience level 5.
 You stop waiting.
 You hit the homunculus.
 You knock the homunculus backward with a forceful strike!
 The homunculus misses!
 You kill the homunculus!
 You are beginning to feel hungry.
 You stop waiting.
 What do you want to eat? [efis or ?*]
 You begin eating an uncursed partly eaten food ration.
 You finish eating the food ration.
 You see here an uncursed iron skull cap.
 The dwarf queen wakes up!
 You see here an uncursed chest.
 You miss the bugbear.
 The bugbear swings her curved sword.
 The bugbear misses!
 You miss the bugbear.
 The bugbear swings her curved sword.
 The bugbear misses!
 The hobgoblin wakes up!
 The bugbear swings her curved sword.
 The bugbear hits!
 The dwarf queen wields an uncursed mace!
 The bugbear hits!
 You see here an uncursed iron skull cap.
 You hear crashing rock.
 Where do you want to travel to?
 (For instructions type a '?')
 The bugbear picks up 3 uncursed crude daggers.
 The bugbear picks up an uncursed iron skull cap.
 The bugbear puts on an uncursed iron skull cap.
 The bugbear picks up an uncursed iron skull cap.
 You hit the floating eye.
 You are frozen by the floating eye's gaze!
 The hobgoblin wields an uncursed curved sword!
 The hobgoblin swings her curved sword.
 The hobgoblin hits!
 The hobgoblin swings her curved sword.
 The hobgoblin hits!
 The hobgoblin swings her curved sword.
 The hobgoblin hits!
 The bugbear hits!
 The hobgoblin swings her curved sword.
 The hobgoblin hits!
 You die...

Inventory:
 Coins    ('$')
  $ - 213 gold pieces
 Weapons  (')')
  a - a blessed +1 mace (weapon in right hand)
 Armor    ('[')
  t - an uncursed +0 orcish helm (being worn)
  c - an uncursed +0 small shield (being worn)
  b - an uncursed +0 robe (being worn)
  z - an uncursed +0 elven mithril-coat (being worn)
 Comestibles  ('%')
  e - an uncursed clove of garlic
  s - an uncursed cram ration
  f - an uncursed sprig of wolfsbane
 Scrolls  ('?')
  o - an uncursed scroll of destroy armor
  w - 2 uncursed scrolls of identify
  u - an uncursed scroll of light
  p - an uncursed scroll of scare monster
 Potions  ('!')
  B - an uncursed potion of acid
  y - an uncursed potion of extra healing
  x - a blessed potion of fruit juice
  q - an uncursed potion of healing
  r - 2 cursed potions of healing
  A - an uncursed potion of oil
  v - a cursed potion of speed
  d - 4 potions of holy water
 Gems/Stones  ('*')
  l - 4 uncursed worthless pieces of red glass

CyberFan the Priestess's attributes:

Background:
 You were an Acolyte, a level 5 human Priestess.
 You were lawful, nominally on a mission for Blind Io
 who was opposed by The Lady (neutral) and Offler (chaotic).
 You were right-handed.
 You were in the Dungeons of Doom, on level 5.
 You entered the dungeon 2359 turns ago.
 It was nighttime.
 You had 170 experience points, 150 more were needed to attain level 6.

Basics:
 You had 0 out of 49 hit points.
 You had all 87 energy points (spell power).
 Your armor class was 1.
 Your wallet contained 213 zorkmids.
 Autopickup was on for '$%?!"=/*', with exceptions.

Final Characteristics:
 Your strength was 10 (limit:18/100).
 Your dexterity was 15 (limit:18).
 Your constitution was 12 (limit:18).
 Your intelligence was 9 (limit:18).
 Your wisdom was 18 (limit:18).
 Your charisma was 11 (limit:18).

Final Status:
 You weren't hungry.
 You were unencumbered.
 You were wielding a mace.
 You had basic skill with mace.

Final Attributes:
 You were piously aligned.
 You were guarded.
 Your spell casting was impaired by metallic armor, mitigated by your robe.
 You are dead.

Miscellaneous:
 You disabled loading and storing of bones levels.
 Total elapsed playing time was 11 minutes and 56 seconds.

Major events:
 Turn
    1: CyberFan the lawful human Priestess entered the dungeon
 1154: entered the Gnomish Mines
 1243: attained the rank of Acolyte (level 3)
 2359: killed by a hobgoblin, while frozen by a floating eye's gaze

Spells:
 Name                 Level Category     Fail Retention
 light                  1   clerical      67%   81%-90%
 healing                1   healing       49%  76%-100%

Skills:
 Fighting Skills
   bare handed combat [Unskilled]
 Weapon Skills
   club               [Unskilled]
   mace               [Basic]
   morning star       [Unskilled]
   flail              [Unskilled]
   hammer             [Unskilled]
   quarterstaff       [Unskilled]
   polearms           [Unskilled]
   spear              [Unskilled]
   trident            [Unskilled]
   lance              [Unskilled]
   bow                [Unskilled]
   sling              [Unskilled]
   crossbow           [Unskilled]
   dart               [Unskilled]
   shuriken           [Unskilled]
   boomerang          [Unskilled]
   unicorn horn       [Unskilled]
 Spellcasting Skills
   healing spells     [Unskilled]
   divination spells  [Unskilled]
   clerical spells    [Basic]

Voluntary challenges:
 Character rerolling was not enabled.
 You were an atheist.
 You were illiterate.
 You never genocided any monsters.
 You never polymorphed an object.
 You never changed form.
 You used no wishes.
Achievements:
 You entered the Gnomish Mines.
 You attained the rank of Acolyte.
 You entered a shop.

 The Dungeons of Doom: levels 1 to 5
    Level 1:
    Level 2:
    Level 3:
       Stairs down to The Gnomish Mines.
    Level 4:
       A general store.
    Level 5: <- You were here.
       A throne.
       Final resting place for
          you, killed by a hobgoblin, while frozen by a floating eye's gaze.
 The Gnomish Mines:
    Level 4:


Vanquished creatures:
  a bugbear
  a rock mole
  a pony
  a little dog
  a kitten
  a homunculus
  a kobold leader
  a giant bat
  a werejackal
 an iguana
  a coyote
  a hobbit
  a large kobold
  2 hobgoblins
  a brown mold
  4 gnomes
  a gnome zombie
  4 geckos
 11 jackals
  a kobold
  5 goblins
 10 grid bugs
  3 lichens
  a kobold zombie
  3 newts
59 creatures vanquished.

No species were genocided or became extinct.

Game over:
                       ----------
                      /          \
                     /    REST    \
                    /      IN      \
                   /     PEACE      \
                  /                  \
                  |     CyberFan     |
                  |      213 Au      |
                  |   killed by a    |
                  |    hobgoblin     |
                  |                  |
                  |                  |
                  |       2026       |
                 *|     *  *  *      | *
        _________)/\\_//(\/(/\)/\//\/|_)_______

Goodbye CyberFan the Priestess...

You died in The Dungeons of Doom on dungeon level 5 with 1082 points,
and 213 pieces of gold, after 2359 moves.
You were level 5 with a maximum of 49 hit points when you died.

